AoeStats
← King L

MegaRandom

506208822Analyzed
1v1 RM · 20d ago on Sep 12, 2026· 57m 40s· 2 players
Game mode
Random Map
Map size
Tiny (2 player)
Population
200
Speed
Normal
Resources
Standard
Victory
Conquest
Starting age
Dark Age
Ending age
Imperial Age
RankedLock teamsTeams togetherTeam positionsShared explorationLock speedFull tech treeHidden civsTurbo modeCheats
Victory
Defeat
🇺🇸 Bulgarians · United States
1044
+16
🇨🇱 Khmer · Chile
1044
-16
King L
2:35 Loom
12:39 Feudal Age
17:40 Castle Age
17:34 Stone Mining
32:59 Fletching
36:19 Tusk Swords
36:23 Double-Bit Axe
37:28 Forging
39:26 Wheelbarrow
41:57 Scale Barding Armor
45:57 Bloodlines
51:26 Iron Casting
53:07 Pikeman
atomlinson
6:43 Loom
11:30 Feudal Age
15:30 Double-Bit Axe
21:19 Castle Age
21:20 Wheelbarrow
29:52 Redemption
30:04 Horse Collar
45:53 Scale Barding Armor
46:00 Forging
45:40 Fletching
48:29 Bloodlines
52:26 Chain Barding Armor
52:42 Iron Casting
52:10 Husbandry
55:47 Imperial Age
53:12 Town Watch
54:42 Hand Cart
54:01 Light Cavalry
55:56 Heavy Plow
56:10 Bow Saw
56:07 Cavalier
57:26 Plate Barding Armor
57:52 Blast Furnace
56:48 Bodkin Arrow
56:55 Scale Mail Armor
57:06 Stirrups
58:19 Conscription
Connection lost

Rejoining the realm…

Still unreachable

The connection could not be restored.

Session expired

The server has moved on; the page needs a fresh start.